 Dungeon Crawl Stone Soup version 0.30-a0-365-ge7f957f1db (webtiles) character file.

Game seed: 10554535007889232251

812 Essalna the Gusty (level 7, 0/44 HPs)
             Began as a Tengu Air Elementalist on Nov 17, 2022.
             Killed by their own static electricity (3 damage)
             ... on level 6 of the Dungeon.
             The game lasted 00:09:12 (5259 turns).

Essalna the Gusty (Tengu Air Elementalist)          Turns: 5259, Time: 00:09:13

Health: 0/44       AC:  4    Str: 12    XL:     7   Next: 93%
Magic:  1/11       EV: 14    Int: 18    God:
Gold:   298        SH:  0    Dex: 10    Spells: 7/10 levels left

rFire   . . .      SeeInvis .    h - +7 glaive of Extinguishment {pain, +Blink Str+4 Dex-4}
rCold   . . .      Faith    .    (shield currently unavailable)
rNeg    . . .      Spirit   .    a - +0 robe
rPois   +          Reflect  .    (helmet restricted)
rElec   .          Harm     .    r - +0 cloak
rCorr   .          Rampage  .    m - +0 pair of gloves
Will    .....                    (boots unavailable)
Stlth   ++........               (no amulet)
HPRegen 0.27/turn                x - ring of poison resistance
MPRegen 0.12/turn                s - ring of wizardry

@: flying quickly and evasively, quick
A: beak, talons 3, nimble flight
a: Evoke Blink


You were on level 6 of the Dungeon.
You visited 1 branch of the dungeon, and saw 6 of its levels.

You collected 298 gold pieces.

Inventory:

Hand Weapons
 h - the +7 glaive of Extinguishment (weapon) {pain, +Blink Str+4 Dex-4}
   (You found it on level 2 of the Dungeon)

   In the hands of one skilled in necromantic magic, it inflicts extra damage on
   living creatures.
   Str:       It affects your strength (+4).
   Dex:       It affects your dexterity (-4).
   +Blink:    It lets you blink.
 i - a +3 dagger of venom
Armour
 a - a +0 robe (worn)
 m - a +0 pair of gloves (worn)
 r - a +0 cloak (worn)
Jewellery
 e - a ring of see invisible
 s - a ring of wizardry (right hand)
 x - a ring of poison resistance (left hand)
Scrolls
 c - 5 scrolls of teleportation
 f - 2 scrolls of torment
 k - 3 scrolls of blinking
 l - 7 scrolls of identify
 z - a scroll of amnesia
Potions
 b - a potion of magic
 d - a potion of mutation {unknown}
 g - 3 potions of brilliance
 j - a potion of flight {unknown}
 n - a potion of degeneration {unknown}
 o - a potion of heal wounds {unknown}
 q - 3 potions of ambrosia {unknown}
 t - 2 potions of lignification {unknown}
 u - 4 potions of curing {unknown}
 v - a potion of attraction {unknown}
 w - a potion of might {unknown}


   Skills:
 + Level 4.4 Fighting
 + Level 1.6 Armour
 + Level 3.0 Dodging
 - Level 2.0 Stealth
 - Level 2.0 Spellcasting
 + Level 6.1 Conjurations
 + Level 7.3 Air Magic


You had 7 spell levels left.
You knew the following spells:

 Your Spells              Type           Power      Damage    Failure   Level
a - Shock                 Conj/Air       100%       1d9       1%          1
b - Static Discharge      Conj/Air       52%        2-5/arc   1%          2

Your spell library contained the following spells:

 Spells                   Type           Power      Damage    Failure   Level
 Swiftness                Air            28%        N/A       1%          3
 Poisonous Vapours        Pois/Air       30%        N/A       2%          2
 Airstrike                Air            14%        2d(2-18)  3%          4
 Sting                    Tmut/Pois      4%         1d3       8%          1
 Olgreb's Toxic Radiance  Pois           1%         N/A       54%         4


Dungeon Overview and Level Annotations

Branches:
Dungeon (6/15)
 Temple: D:4-7

Altars:
Nemelex Xobeh
Ru

Shops:
D:4 :

Annotations:
D:3 3 runed translucent doors, Elric's ghost, weakling MiFi


Innate Abilities, Weirdness & Mutations

You have a beak for a mouth.
You have claws for feet.
Your magical nature lets you fly swiftly and evasively.


Message History

l - 7 scrolls of identify (gained 3)
Found 5 stones.
k - 3 scrolls of blinking (gained 1)
Found a robe.
An ice beast comes into view.
You see here a +0 robe.
The zap hits the ice beast.
The ice beast is lightly wounded.
The zap hits the ice beast.
The ice beast is moderately wounded.
Casting: Shock (safe; 1% risk of failure)
Confirm with . or Enter, or press ? or * to list all spells.
The ice beast is struck by an arc of lightning.
The ice beast is moderately wounded.
You are struck by an arc of lightning.
The lightning grounds out.
The ice beast hits you. The ice beast freezes you!
Casting: Static Discharge (safe; 1% risk of failure)
Confirm with . or Enter, or press ? or * to list all spells.
The ice beast is struck by an arc of lightning.
The ice beast is heavily wounded.
You are struck by an arc of lightning.
The lightning grounds out.
The ice beast hits you. The ice beast freezes you.
Casting: Static Discharge (safe; 1% risk of failure)
Confirm with . or Enter, or press ? or * to list all spells.
The ice beast is struck by an arc of lightning.
The ice beast is severely wounded.
You are struck by an arc of lightning.
The ice beast is struck by an arc of lightning.
The ice beast is almost dead.
You are struck by an arc of lightning.
The lightning grounds out.
The ice beast hits you.
* * * LOW HITPOINT WARNING * * *
The ice beast freezes you!
* * * LOW HITPOINT WARNING * * *
Casting: Static Discharge (safe; 1% risk of failure)
Confirm with . or Enter, or press ? or * to list all spells.
The ice beast is struck by an arc of lightning.
The ice beast is almost dead.
You are struck by an arc of lightning.
You die...

## ...........# .
...........##### #
...........#...##### #
...........#.).((..# #.
#.........#.......# #..
.................##...
#...#.#.............
#..@#...........#..#
#.Y..#............#
.....#..............##
......#...##........##
..........#..#.##...#
................#...#
.......#......#.....####
....(.........#.........
##..##......#..###...#


You could see an ice beast.

Vanquished Creatures
  A black bear (D:5)
  An ogre (D:4)
  A necrophage (D:3)
  2 scorpions
  3 hounds
  2 jellies
  An orc priest (D:5)
  2 orc wizards (D:5)
  9 adders
  A white imp (D:5)
  2 ufetubi (D:5)
  2 worms
  6 dart slugs
  10 orcs
  5 ball pythons
  12 endoplasms
  4 giant cockroaches
  12 goblins
  3 hobgoblins
  6 jackals
  5 quokkas
  12 bats
  3 frilled lizards
  10 kobolds
  2 rats (D:2)
117 creatures vanquished.

Vanquished Creatures (others)
  5 fungi
  A plant (D:3)
  10 toadstools (D:2)
16 creatures vanquished.

Grand Total: 133 creatures vanquished

Notes
Turn   | Place    | Note
-------+----------+-------------------------------------------
     0 | D:1      | Essalna the Tengu Air Elementalist began the quest for the
                  | Orb.
     0 | D:1      | Reached XP level 1. HP: 10/10 MP: 4/4
   215 | D:1      | Reached XP level 2. HP: 16/16 MP: 1/6
   331 | D:1      | Reached skill level 1 in Fighting
   527 | D:1      | Reached XP level 3. HP: 18/20 MP: 4/7
   530 | D:1      | Learned a level 2 spell: Static Discharge
   799 | D:1      | Found a faded altar of an unknown god.
  1751 | D:2      | Reached XP level 4. HP: 26/26 MP: 0/8
  1873 | D:2      | Identified the +7 glaive of Extinguishment {pain, +Blink
                  | Str+4 Dex-4}
  1951 | D:2      | Reached skill level 5 in Air Magic
  2176 | D:2      | Gained mutation: Your magical nature lets you fly swiftly
                  | and evasively. [Tengu growth]
  2176 | D:2      | Reached XP level 5. HP: 31/31 MP: 9/9
  2865 | D:3      | Found a runed translucent gate.
  2865 | D:3      | Found a runed translucent gate.
  2870 | D:3      | Noticed a kobold brigand
  2874 | D:3      | Noticed Elric's ghost (weakling MiFi)
  2933 | D:3      | Found a runed translucent gate.
  3025 | D:3      | Reached XP level 6. HP: 36/37 MP: 7/10
  3347 | D:3      | Found a sparkling altar of Nemelex Xobeh.
  3381 | D:3      | Reached skill level 6 in Air Magic
  3637 | D:4      | Reached skill level 5 in Conjurations
  3754 | D:4      | Reached XP level 7. HP: 42/42 MP: 5/11
  3984 | D:4      | Found Upotwin's Book Shoppe.
  4131 | D:5      | Entered Level 5 of the Dungeon
  4265 | D:5      | Reached skill level 7 in Air Magic
  4444 | D:6      | Noticed a steam dragon
  4454 | D:5      | Reached skill level 1 in Armour
  4983 | D:5      | Found a sacrificial altar of Ru.
  5259 | D:6      | Killed from afar by themself

Illustrated notes

Levels and vault maps discovered:
D:1:      shiori_arrival_elements, layout_loops_corners,
          shapermc_ecumenical_altar_gd
D:2:      cheibrodos_fertilizer, layout_basic, nrook_loot_triangle
D:3:      layout_basic, mainiacjoe_overflow_surrounded_room,
          gammafunk_ghost_nasty_kobolds
D:4:      layout_rooms, serial_shops, shop, kennysheep_decorative_pillar
D:5:      layout_cave_pools, mainiacjoe_overflow_alcove_2
D:6:      layout_rooms, led_sif_book

Skill      XL: |  1  2  3  4  5  6  7 |
---------------+----------------------+-----
Conjurations   | 2 3 4 5 6 |  6.1
Fighting       | 1 2 3 4 |  4.4
Air Magic      | 5 6 7 |  7.3
Armour         | 1 |  1.6
Dodging        | 3 |  3.0
Stealth        | |  2.0
Spellcasting   | |  2.0

Action                   |  1- 3 |  4- 6 |  7- 9 || total
-------------------------+-------+-------+-------++-------
Melee: Unarmed           |     5 |       |       ||     5
       Peck              |     2 |     7 |       ||     9
       Kick              |     1 |     7 |       ||     8
       Glaive            |       |    49 |    11 ||    60
 Cast: Shock             |    77 |    50 |    47 ||   174
       Static Discharge  |       |     6 |    13 ||    19
  Use: Scroll            |       |     7 |     4 ||    11
 Stab: Sleeping          |       |     4 |       ||     4
Armor: Robe              |       |    12 |     7 ||    19
Dodge: Dodged            |    12 |    36 |    25 ||    73

Table legend: (Time is in decaauts)
 A = Elapsed time spent in this place.
 B = Non-inter-level travel time spent in this place.
 C = Inter-level travel time spent in this place.
 D = Time resting spent in this place.
 E = Time spent auto-exploring this place.
 F = Levels seen in this place.
 G = Mean time per level.
                   A        B        C        D        E       F      G
               +--------+--------+--------+--------+--------+-----+--------+
         Total |   5126 |   5021 |    105 |     30 |   4346 |   6 |  854.3 |
       Dungeon |   5126 |   5021 |    105 |     30 |   4346 |   6 |  854.3 |
               +--------+--------+--------+--------+--------+-----+--------+

Top non-repeatable levels by time:
     D:1: 1563 daAuts
     D:2: 1019 daAuts
     D:5: 970 daAuts
     D:3: 884 daAuts
     D:4: 579 daAuts
     D:6: 110 daAuts
